AoeStats
← hightower_208

Arena

507489903Analyzed
2v2 RM · 14d ago on Sep 18, 2026· 38m 8s· 4 players
Game mode
Random Map
Map size
Medium (4 player)
Population
200
Speed
Normal
Resources
Standard
Victory
Conquest
Starting age
Dark Age
Ending age
Imperial Age
RankedLock teamsTeams togetherTeam positionsShared explorationLock speedFull tech treeHidden civsTurbo modeCheats
Victory
Defeat
🇩🇪 Goths · Germany
1702
+16
🇩🇪 Italians · Germany
1661
+18
🇬🇧 Teutons · United Kingdom
1777
-20
🇨🇴 Bohemians · Colombia
1623
-14
hightower_208
9:41 Feudal Age
13:19 Castle Age
12:31 Double-Bit Axe
12:27 Horse Collar
14:23 Bow Saw
17:37 Loom
19:48 Wheelbarrow
23:57 Forging
24:38 Devotion
26:46 Hand Cart
31:39 Imperial Age
30:14 Gold Mining
31:17 Squires
31:18 Scale Mail Armor
32:38 Chain Mail Armor
32:46 Conscription
33:17 Iron Casting
37:06 Blast Furnace
37:53 Heavy Plow
38:53 Two-Man Saw
Mjoelnir
9:16 Feudal Age
12:49 Castle Age
11:11 Double-Bit Axe
11:33 Horse Collar
14:45 Bow Saw
17:00 Wheelbarrow
17:25 Loom
20:49 Fletching
22:46 Bodkin Arrow
24:32 Gold Mining
28:17 Imperial Age
28:17 Ballistics
28:11 Padded Archer Armor
29:05 Bracer
30:34 Chemistry
29:25 Crossbowman
30:11 Thumb Ring
29:31 Elite Skirmisher
33:32 Hand Cart
35:20 Leather Archer Armor
37:09 Ring Archer Armor
DanMT
8:17 Loom
10:24 Feudal Age
14:30 Castle Age
13:12 Double-Bit Axe
17:15 Sanctity
18:09 Redemption
18:50 Sanctity
19:02 Town Watch
28:02 Fletching
29:14 Guard Tower
29:54 Bodkin Arrow
30:13 Fortified Wall
30:20 Bow Saw
31:21 Ballistics
35:16 Masonry
36:48 Wheelbarrow
39:42 Imperial Age
37:55 Wheelbarrow
WryPig
10:10 Feudal Age
14:17 Castle Age
12:17 Double-Bit Axe
14:29 Horse Collar
16:36 Fervor
19:09 Bow Saw
21:42 Wheelbarrow
23:07 Hand Cart
27:55 Imperial Age
25:11 Loom
25:12 Town Watch
26:44 Chemistry
26:09 Padded Archer Armor
26:00 Fletching
27:28 Leather Archer Armor
28:01 Heavy Plow
28:42 Bodkin Arrow
31:05 Ring Archer Armor
31:23 Wagenburg Tactics
31:28 Elite Hussite Wagon
33:32 Conscription
35:05 Ballistics
34:52 Siege Engineers
36:31 Masonry
Connection lost

Rejoining the realm…

Still unreachable

The connection could not be restored.

Session expired

The server has moved on; the page needs a fresh start.